 Dungeon Crawl Stone Soup version 0.24.0-35-gdb84b6a5db (webtiles) character file.

Game seed: 14124425028916962566, levelgen mode: deterministic

91 Delamore the Chopper (level 4, -2/39 HPs)
             Began as a Hill Orc Fighter on Nov 20, 2019.
             Slain by Pikel
             ... wielding a +0 whip of freezing
              (3 damage)
             ... on level 3 of the Dungeon.
             The game lasted 00:02:53 (2408 turns).

Delamore the Chopper (Hill Orc Fighter)             Turns: 2408, Time: 00:02:54

Health: -2/39      AC:  8    Str: 19    XL:     4   Next: 59%
Magic:  4/4        EV:  7    Int:  8    God:
Gold:   264        SH:  9    Dex: 10    Spells: 3/3 levels left

rFire    . . .     SeeInvis .   g - +2 hand axe (chop)
rCold    . . .     Gourm    .   c - +0 shield
rNeg     . . .     Faith    .   b - +0 scale mail
rPois    .         Spirit   .   (no helmet)
rElec    .         Reflect  .   (no cloak)
rCorr    .         Harm     .   q - +0 pair of gloves
MR       .....                  (no boots)
Stlth    ..........             (no amulet)
HPRegen  0.13/turn              (no ring)
MPRegen  0.09/turn              (no ring)

@: no status effects
A: no striking features
a: no special abilities


You were on level 3 of the Dungeon.
You were not hungry.

You visited 1 branch of the dungeon, and saw 4 of its levels.

You collected 264 gold pieces.

Inventory:

Hand Weapons
 a - a +0 war axe
 g - a +2 hand axe of chopping (weapon)
Missiles
 i - 8 poisoned darts (quivered)
 k - 5 atropa-tipped darts
Armour
 b - a +0 scale mail (worn)
 c - a +0 shield (worn)
 q - a +0 pair of gloves (worn)
Wands
 v - a wand of random effects (13)
Scrolls
 h - a scroll of amnesia {unknown}
 j - a scroll of identify {unknown}
 l - 3 scrolls of enchant weapon {unknown}
 m - 4 scrolls of remove curse {unknown}
 n - a scroll of immolation {unknown}
 t - a scroll of magic mapping {unknown}
 y - a scroll of teleportation {unknown}
Potions
 d - 2 potions of might
 e - a potion of heal wounds {unknown}
 o - a potion of degeneration {unknown}
 p - a potion of berserk rage {unknown}
 r - a potion of curing {unknown}
 s - a potion of ambrosia {unknown}
 u - 2 potions of lignification {unknown}
 x - a potion of brilliance {unknown}
Comestibles
 f - 5 rations
 w - 8 chunks of flesh


   Skills:
 - Level 3.6 Fighting
 + Level 6.2 Axes
 - Level 3.2 Armour
 - Level 3.2 Shields


You had 3 spell levels left.
You didn't know any spells.
Your spell library was empty.

Dungeon Overview and Level Annotations

Branches:
Dungeon (4/15)
 Temple: D:4-7

Altars:
Dithmenos
Kikubaaqudgha
The Shining One

Shops:
D:4 =

Annotations:
D:3 Pikel


Message History

You barely miss Pikel.
Pikel is severely wounded.
Pikel hits you but does no damage.
You hit Pikel.
Pikel is severely wounded.
You block Pikel's attack.
You slash Pikel!
Pikel is almost dead.
Pikel hits you with a +0 whip of freezing.
* * * LOW HITPOINT WARNING * * *
Pikel freezes you.
* * * LOW HITPOINT WARNING * * *
Unknown command.
You closely miss Pikel.
Pikel is almost dead.
Pikel hits you but does no damage.
You hit Pikel.
Pikel is almost dead.
Pikel hits you with a +0 whip of freezing.
You die...

#.......#.....#......
#.#.###.#.....######.
#.#..##.#)...........
#.##.##.#.....###.###
#.......##.#...##(#
####[#####...#.##(#
#.#####........#
#...........(#.### #######
#@###...###.)#.#.. #.....#
#####K# #..........#.#
..###.######.....###...###..###.#
....#........###.......###..# #.#
..#.#.#####..####.###.......# #.#
..#>...........##.# ###.##### #.#
......##.#...#.##.# ##.## #..
.####.##.......##.# #...# ### .#
#.............# #...#


You could see Pikel.

Vanquished Creatures
  A slave (D:4)
  2 adders
  2 oozes (D:1)
  An adder skeleton (D:3)
  A worm (D:3)
  2 dart slugs
  4 orcs (D:3)
  6 bats
  4 giant cockroaches
  3 goblins (D:1)
  8 hobgoblins
  A ball python (D:1)
  3 frilled lizards
  5 kobolds
  10 rats
53 creatures vanquished.

Notes
Turn   | Place    | Note
-------+----------+-------------------------------------------
     0 | D:1      | Delamore the Hill Orc Fighter began the quest for the Orb.
     0 | D:1      | Reached XP level 1. HP: 19/19 MP: 1/1
    95 | D:1      | Reached skill level 3 in Axes
   120 | D:1      | Reached XP level 2. HP: 22/26 MP: 2/2
   144 | D:1      | Reached skill level 4 in Axes
   321 | D:1      | Reached XP level 3. HP: 29/31 MP: 3/3
  1015 | D:2      | Found a shadowy altar of Dithmenos.
  1207 | D:2      | Found a glowing golden altar of the Shining One.
  1208 | D:2      | Reached skill level 5 in Axes
  1680 | D:3      | Reached XP level 4. HP: 28/39 MP: 4/4
  1711 | D:3      | Found an ancient bone altar of Kikubaaqudgha.
  2061 | D:3      | Reached skill level 6 in Axes
  2340 | D:4      | Found Faroy's Jewellery Shop.
  2347 | D:4      | Noticed a slave
  2347 | D:4      | Noticed a slave
  2347 | D:4      | Noticed a slave
  2347 | D:4      | Noticed Pikel
  2347 | D:4      | Noticed a slave
  2357 | D:4      | Killed a slave
  2406 | D:3      | HP: 1/39 [Pikel/+0 whip of freezing (1)]
  2408 | D:3      | Slain by Pikel

Levels and vault maps discovered:
D:1:      matt_arrival_spirals, layout_loops_ring, minivault_5
D:2:      layout_loops_ring, nicolae_dithmenos_shadow_blocks,
          overflow_temple_1_default, minmay_misc_feat_square,
          hangedman_abyss_or_decor_stabs, minmay_misc_feat_rugged,
          minmay_misc_feat_columns, minmay_box_of_dots
D:3:      layout_loops_cross, kiku_gazebo_pond_becter, first_ration
D:4:      layout_gridville, nicolae_overflow_hidden_temple,
          nemelex_xobeh_ov_fountains_minmay, serial_shops, shop, shop_statue,
          shop_statue, shop, shop, uniq_pikel

Skill      XL: |  1  2  3  4 |
---------------+-------------+-----
Axes           | 3 4 5 6 |  6.2
Fighting       | |  3.6
Armour         | |  3.2
Shields        | |  3.2

Action                   |  1- 3 |  4- 6 || total
-------------------------+-------+-------++-------
Melee: War axe           |    20 |       ||    20
       Hand axe          |    65 |    87 ||   152
Throw: Dart              |       |     1 ||     1
  Eat: Chunk             |     2 |     3 ||     5
Armor: Scale mail        |    38 |    23 ||    61
Dodge: Dodged            |    15 |    18 ||    33
Block: Shield            |    27 |    29 ||    56
